 Dungeon Crawl Stone Soup version 0.31-a0-175-g9f7f995f2b (webtiles) character file.

Game seed: 5435218300119245826

6181 qw the Skirmisher (level 10, -6/98 HPs)
             Began as a Naga Hunter on June 16, 2023.
             Was a Believer of Okawaru.
             Mangled by an elephant (14 damage)
             ... on level 1 of the Lair of Beasts.
             The game lasted 00:03:47 (7049 turns).

qw the Skirmisher (Naga Hunter)                     Turns: 7049, Time: 00:03:48

Health: -6/98      AC: 10    Str: 15    XL:     10   Next: 91%
Magic:  13/13      EV: 15    Int:  9    God:    Okawaru [**....]
Gold:   101        SH:  0    Dex: 18    Spells: 9/9 levels left

rFire   . . .        Y - +0 shortbow (drain)
rCold   . . .        (shield currently unavailable)
rNeg    . . .        d - +0 troll leather armour
rPois   +            (no helmet)
rElec   .            (no cloak)
rCorr   .            (no gloves)
SInv    +            (no barding)
Will    +....        a - amulet of faith
Stlth   +++          c - +4 ring of protection
HPRegen 1.16/turn    (no ring)
MPRegen 0.13/turn

%: faith
@: about to teleport, short of breath, heroic, very slow
A: AC +3, large, see invisible, deformed body, poison resistance, slowness 2,
spit poison 1, naga tail 1
a: Spit Poison, Renounce Religion, Heroism


You were on level 1 of the Lair of Beasts.
You worshipped Okawaru.
Okawaru was pleased with you.
You visited 3 branches of the dungeon, and saw 11 of its levels.

You collected 522 gold pieces.
You spent 421 gold pieces at shops.


Innate Abilities, Weirdness & Mutations

Your serpentine skin is tough. (AC +3)
You have supernaturally acute eyesight. (SInv)
Armour fits poorly on your strangely shaped body.
Your system is resistant to poisons. (rPois)
You cover ground very slowly.
You can spit poison.
You have a snake-like lower body.


   Skills:
 - Level 8.4(13.4) Fighting
 + Level 11.8(16.8) Ranged Weapons
 - Level 1.0(6.0) Armour
 - Level 4.5(9.5) Dodging
 - Level 1.5(6.5) Stealth
 - Level 4.0 Invocations


You had 9 spell levels left.
You didn't know any spells.
Your spell library was empty.

Inventory:

Hand Weapons
 Y - a +0 shortbow of draining (weapon)
Armour
 d - a +0 troll leather armour (worn)
 k - a +0 robe of fire resistance
Jewellery
 a - an amulet of faith (around neck)
 c - a +4 ring of protection (left hand)
Scrolls
 e - 4 scrolls of identify
 i - 5 scrolls of teleportation
 j - a scroll of enchant armour
Potions
 f - 4 potions of curing
 g - 3 potions of might

Dungeon Overview and Level Annotations

Branches:
Dungeon (9/15)             Temple (1/1) D:6            Lair (1/5) D:9
    Orc (0/2) D:9

Altars:
Ashenzari
Cheibriados
Dithmenos
Elyvilon
Fedhas
Gozag
Hepliaklqana
Kikubaaqudgha
Makhleb
Nemelex Xobeh
Okawaru
Qazlal
Ru
Sif Muna
Trog
Uskayaw
Vehumet
Wu Jian
Xom
Yredelemnul
Zin
The Shining One

Shops:
D:4 !   D:7 ?   D:8 ?   D:9 [

Annotations:
D:4 2 transporters, qw's ghost, amateur GrHu
D:8 2 transporters, qw's ghost, journeyman GrFi
Lair:1 Fannar


Message History

The elephant is moderately wounded.
The bullfrog closely misses you. The wolf barely misses you.
The wolf closely misses you.
You shoot an arrow. The arrow hits the elephant.
You drain the elephant.
The elephant is moderately wounded.
The wolf bites you. The wolf bites you but does no damage.
The bullfrog hits you but does no damage.
An elephant comes into view.
The elephant closely misses you. x2; The elephant tramples you!
You hold your ground!
The elephant closely misses you. The elephant misses you.
The elephant barely misses you.
You shoot an arrow. The arrow hits the elephant!
You drain the elephant.
The elephant is heavily wounded.
You have got your breath back.
The wolf misses you. The wolf barely misses you.
The bullfrog hits you but does no damage.
The elephant tramples you but does no damage.
The elephant trunk-slaps you.
The elephant tramples you but does no damage.
The elephant trunk-slaps you but does no damage.
The wolf barely misses you. The elephant closely misses you.
The elephant trunk-slaps you.
7048 ||| INVOKING Spit Poison.
Aiming: Spit Poison (1% risk of failure)
Press: ? - help, Shift-Dir - straight line, f/p - elephant The splash of poison hits the elephant.
The elephant looks even sicker.
The elephant is severely wounded.
The bullfrog barely misses you. The wolf closely misses you.
The bullfrog hits you.
The elephant tramples you but does no damage.
The elephant trunk-slaps you but does no damage.
The elephant closely misses you. The elephant trunk-slaps you.
The elephant tramples you!
You hold your ground!
The elephant trunk-slaps you but does no damage.
7049 ||| READING 6 scrolls of teleportation.
As you read the scroll of teleportation, it crumbles to dust.
You feel strangely unstable. The wolf barely misses you.
The bullfrog closely misses you. The wolf misses you.
The elephant tramples you!
You die...

..#.... .#^#.#.#.
....#.. e...#.#.#
....... Y#...#...
....... ..#Y#.#.#
....#..#.Y.#.#.#
........#Y..#.#
#....hY#...#
##..SY#Y#Y#
#.#YhY@FY#
#P...YYhY......
.P......h.......
#...###.###......
#..# .## ......
#. .. .....# ...
##...# ... .#.#


You could see 9 elephants, a water moccasin, 2 ice beasts, 3 wolves and a
bullfrog.

Vanquished Creatures
  Erica (D:9)
  A cyclops (D:9)
  Maggie (D:9)
  2 hornets
  A troll (D:9)
  Sigmund (D:4)
  Eustachio (D:4)
  A steam dragon (D:7)
  Duvessa (D:4)
  2 water moccasins
  3 orc warriors
  2 sky beasts (D:8)
  2 ice beasts
  An ogre (D:5)
  2 wolves (D:9)
  3 kobold brigands
  4 bullfrogs
  A gnoll sergeant (D:9)
  4 scorpions
  Dowan (D:4)
  19 killer bees
  4 electric eels (D:9)
  A lava snake (D:9)
  6 hounds
  A gnoll bouda (D:6)
  2 jellies
  An orc priest (D:9)
  A sleepcap (D:8)
  An iguana (D:5)
  6 orc wizards
  Natasha (D:3)
  12 gnolls
  7 adders
  2 shadow imps
  5 white imps
  An ufetubus (D:6)
  A worm (D:2)
  3 dart slugs
  28 orcs
  10 endoplasms
  4 giant cockroaches
  11 goblins
  3 hobgoblins
  5 jackals
  5 quokkas
  5 ball pythons
  5 bats
  2 frilled lizards (D:2)
  17 kobolds
  2 rats
206 creatures vanquished.

Notes
Turn   | Place    | Note
-------+----------+-------------------------------------------
     0 | D:1      | qw the Naga Hunter began the quest for the Orb.
     0 | D:1      | Reached XP level 1. HP: 19/19 MP: 1/1
     0 | D:1      | 0 ||| qw: Version: 0.2-a-29-g511e9b1
     0 | D:1      | 0 ||| qw: Game counter: 5837
     0 | D:1      | 0 ||| qw: Always use a shield: true
     0 | D:1      | 0 ||| qw: God list: Okawaru
     0 | D:1      | 0 ||| qw: Allow faded altars: false
     0 | D:1      | 0 ||| qw: Do Orc after D:15 true
     0 | D:1      | 0 ||| qw: Do second Lair branch before Depths: true
     0 | D:1      | 0 ||| qw: Lair rune preference: random
     0 | D:1      | 0 ||| qw: Plans: Normal
     0 | D:1      | 0 ||| PLANNING D:1-11
    27 | D:1      | 27 ||| INVOKING Spit Poison.
    56 | D:1      | 56 ||| INVOKING Spit Poison.
   125 | D:1      | Found a faded altar of an unknown god.
   130 | D:1      | 130 ||| INVOKING Spit Poison.
   143 | D:1      | 143 ||| INVOKING Spit Poison.
   149 | D:1      | Reached skill level 4 in Ranged Weapons
   149 | D:1      | Reached XP level 2. HP: 26/26 MP: 2/2
   156 | D:1      | 156 ||| INVOKING Spit Poison.
   180 | D:1      | 180 ||| INVOKING Spit Poison.
   181 | D:1      | 181 ||| UPGRADING to +0 troll leather armour.
   191 | D:1      | 191 ||| INVOKING Spit Poison.
   192 | D:1      | 192 ||| DROPPING +0 leather armour.
   224 | D:1      | 224 ||| INVOKING Spit Poison.
   233 | D:1      | 233 ||| INVOKING Spit Poison.
   237 | D:1      | 237 ||| INVOKING Spit Poison.
   241 | D:1      | 241 ||| INVOKING Spit Poison.
   258 | D:1      | 258 ||| INVOKING Spit Poison.
   274 | D:1      | 274 ||| INVOKING Spit Poison.
   331 | D:1      | 331 ||| INVOKING Spit Poison.
   549 | D:1      | 549 ||| INVOKING Spit Poison.
   745 | D:1      | 745 ||| INVOKING Spit Poison.
   746 | D:1      | 746 ||| INVOKING Spit Poison.
   747 | D:1      | Reached XP level 3. HP: 32/32 MP: 3/3
   756 | D:1      | 756 ||| INVOKING Spit Poison.
   795 | D:1      | 795 ||| INVOKING Spit Poison.
   879 | D:1      | 879 ||| READING scroll labelled ROAPNUN GOA.
   880 | D:1      | 880 ||| READING 2 scrolls labelled RORCHI YPPIECY.
   881 | D:1      | 881 ||| DROPPING scroll of butterflies.
   918 | D:2      | 918 ||| INVOKING Spit Poison.
   980 | D:2      | 980 ||| INVOKING Spit Poison.
  1113 | D:2      | 1113 ||| INVOKING Spit Poison.
  1154 | D:2      | 1154 ||| INVOKING Spit Poison.
  1159 | D:2      | 1159 ||| INVOKING Spit Poison.
  1164 | D:2      | 1164 ||| INVOKING Spit Poison.
  1209 | D:2      | 1209 ||| INVOKING Spit Poison.
  1320 | D:2      | 1320 ||| INVOKING Spit Poison.
  1323 | D:2      | 1323 ||| INVOKING Spit Poison.
  1342 | D:2      | Reached skill level 5 in Ranged Weapons
  1342 | D:2      | Reached XP level 4. HP: 39/39 MP: 4/4
  1342 | D:2      | 1342 ||| INVOKING Spit Poison.
  1361 | D:2      | 1361 ||| INVOKING Spit Poison.
  1378 | D:2      | 1378 ||| INVOKING Spit Poison.
  1384 | D:2      | 1384 ||| INVOKING Spit Poison.
  1390 | D:2      | 1390 ||| INVOKING Spit Poison.
  1394 | D:2      | 1394 ||| INVOKING Spit Poison.
  1399 | D:2      | 1399 ||| INVOKING Spit Poison.
  1400 | D:2      | Reached skill level 3 in Fighting
  1468 | D:2      | 1468 ||| INVOKING Spit Poison.
  1635 | D:2      | 1635 ||| UPGRADING to +4 ring of protection.
  1636 | D:2      | 1636 ||| READING 2 scrolls labelled ATUSIU GOISHIE.
  1637 | D:2      | 1637 ||| READING scroll labelled JUGRAIMUTH.
  1638 | D:2      | 1638 ||| READING scroll labelled DESMITH KUMURR.
  1639 | D:2      | 1639 ||| READING scroll labelled XICWOASEGA.
  1640 | D:2      | 1640 ||| READING scroll labelled IMOOKH UCKUKHAPT.
  1641 | D:2      | 1641 ||| READING 2 scrolls of identify.
  1641 | D:2      | 1641 ||| IDENTIFYING brown potion
  1642 | D:2      | 1642 ||| DROPPING scroll of poison.
  1675 | D:3      | 1675 ||| INVOKING Spit Poison.
  1677 | D:3      | Reached XP level 5. HP: 49/49 MP: 5/5
  1680 | D:3      | 1680 ||| INVOKING Spit Poison.
  1745 | D:3      | 1745 ||| INVOKING Spit Poison.
  1766 | D:3      | 1766 ||| INVOKING Spit Poison.
  1772 | D:3      | 1772 ||| INVOKING Spit Poison.
  1828 | D:3      | 1828 ||| INVOKING Spit Poison.
  1898 | D:3      | 1898 ||| INVOKING Spit Poison.
  1901 | D:3      | 1901 ||| INVOKING Spit Poison.
  1904 | D:3      | 1904 ||| INVOKING Spit Poison.
  1944 | D:3      | Noticed Natasha
  1945 | D:3      | 1945 ||| Stepping ~*~*~tactically~*~*~ (outnumbered).
  1947 | D:3      | 1947 ||| Stepping ~*~*~tactically~*~*~ (outnumbered).
  1949 | D:3      | 1949 ||| INVOKING Spit Poison.
  1953 | D:3      | 1953 ||| INVOKING Spit Poison.
  1955 | D:3      | Killed Natasha
  1958 | D:3      | 1958 ||| INVOKING Spit Poison.
  1970 | D:3      | 1970 ||| INVOKING Spit Poison.
  2040 | D:3      | 2040 ||| INVOKING Spit Poison.
  2121 | D:3      | 2121 ||| INVOKING Spit Poison.
  2257 | D:3      | 2257 ||| UPGRADING to amulet of faith.
  2262 | D:3      | 2262 ||| READING 3 scrolls of identify.
  2262 | D:3      | 2262 ||| IDENTIFYING sedimented pink potion
  2263 | D:3      | 2263 ||| READING 2 scrolls of identify.
  2263 | D:3      | 2263 ||| IDENTIFYING dark potion
  2264 | D:3      | 2264 ||| DROPPING potion of enlightenment.
  2288 | D:4      | Found Xigu's Distillery.
  2289 | D:4      | 2289 ||| INVOKING Spit Poison.
  2293 | D:4      | 2293 ||| INVOKING Spit Poison.
  2296 | D:4      | Reached skill level 6 in Ranged Weapons
  2296 | D:4      | Reached XP level 6. HP: 55/56 MP: 6/6
  2299 | D:4      | 2299 ||| BUYING potion of curing (42 gold).
  2299 | D:4      | Bought a potion of curing for 42 gold pieces
  2299 | D:4      | 2299 ||| BUYING potion of curing (42 gold).
  2299 | D:4      | Bought a potion of curing for 42 gold pieces
  2299 | D:4      | 2299 ||| BUYING potion of heal wounds (70 gold).
  2299 | D:4      | Bought a potion of heal wounds for 70 gold pieces
  2299 | D:4      | 2299 ||| SHOPLISTING potion of might (56 gold, have 2).
  2299 | D:4      | 2299 ||| SHOPLISTING potion of mutation (112 gold, have 2).
  2314 | D:4      | Found a transporter.
  2317 | D:4      | Noticed qw's ghost (amateur GrHu)
  2335 | D:4      | 2335 ||| INVOKING Spit Poison.
  2358 | D:4      | Found a transporter.
  2377 | D:4      | Noticed Sigmund
  2378 | D:4      | 2378 ||| INVOKING Spit Poison.
  2385 | D:4      | 2385 ||| INVOKING Spit Poison.
  2388 | D:4      | Killed Sigmund
  2401 | D:4      | Noticed Duvessa
  2402 | D:4      | Noticed Dowan
  2403 | D:4      | 2403 ||| Stepping ~*~*~tactically~*~*~ (outnumbered).
  2404 | D:4      | 2404 ||| INVOKING Spit Poison.
  2410 | D:4      | 2410 ||| INVOKING Spit Poison.
  2413 | D:4      | Killed Duvessa
  2414 | D:4      | Reached XP level 7. HP: 31/66 MP: 7/7
  2417 | D:4      | 2417 ||| INVOKING Spit Poison.
  2425 | D:4      | 2425 ||| INVOKING Spit Poison.
  2426 | D:4      | Killed Dowan
  2688 | D:4      | Noticed Eustachio
  2692 | D:4      | 2692 ||| INVOKING Spit Poison.
  2697 | D:4      | 2697 ||| INVOKING Spit Poison.
  2703 | D:4      | 2703 ||| INVOKING Spit Poison.
  2710 | D:4      | 2710 ||| INVOKING Spit Poison.
  2717 | D:4      | 2717 ||| INVOKING Spit Poison.
  2720 | D:4      | 2720 ||| INVOKING Spit Poison.
  2720 | D:4      | HP: 12/66 [river rat[Eustachio] (8)]
  2721 | D:4      | 2721 ||| DRINKING 2 potions of heal wounds.
  2726 | D:4      | 2726 ||| INVOKING Spit Poison.
  2733 | D:4      | 2733 ||| INVOKING Spit Poison.
  2736 | D:4      | Killed Eustachio
  2737 | D:4      | Reached skill level 7 in Ranged Weapons
  2853 | D:4      | 2853 ||| INVOKING Spit Poison.
  2988 | D:4      | 2988 ||| READING scroll labelled SUFEAG LITURHU.
  2989 | D:4      | 2989 ||| READING scroll labelled OTIL ATYAK.
  2990 | D:4      | 2990 ||| READING 2 scrolls of identify.
  2990 | D:4      | 2990 ||| IDENTIFYING coppery potion
  2991 | D:4      | 2991 ||| DROPPING potion of brilliance.
  3019 | D:5      | Entered Level 5 of the Dungeon
  3060 | D:5      | 3060 ||| INVOKING Spit Poison.
  3066 | D:5      | Reached XP level 8. HP: 72/73 MP: 8/8
  3084 | D:5      | Reached skill level 8 in Ranged Weapons
  3108 | D:5      | 3108 ||| INVOKING Spit Poison.
  3113 | D:5      | 3113 ||| INVOKING Spit Poison.
  3183 | D:5      | 3183 ||| INVOKING Spit Poison.
  3188 | D:5      | 3188 ||| INVOKING Spit Poison.
  3285 | D:5      | 3285 ||| INVOKING Spit Poison.
  3294 | D:5      | 3294 ||| INVOKING Spit Poison.
  3298 | D:5      | 3298 ||| INVOKING Spit Poison.
  3320 | D:5      | 3320 ||| INVOKING Spit Poison.
  3427 | D:5      | 3427 ||| INVOKING Spit Poison.
  3430 | D:5      | 3430 ||| INVOKING Spit Poison.
  3441 | D:5      | 3441 ||| READING scroll labelled TUW ILUSSIPAOP.
  3459 | D:6      | 3459 ||| INVOKING Spit Poison.
  3515 | D:6      | 3515 ||| INVOKING Spit Poison.
  3522 | D:6      | 3522 ||| INVOKING Spit Poison.
  3525 | D:6      | 3525 ||| INVOKING Spit Poison.
  3544 | D:6      | 3544 ||| INVOKING Spit Poison.
  3551 | D:6      | Reached skill level 9 in Ranged Weapons
  3552 | D:6      | 3552 ||| INVOKING Spit Poison.
  3557 | D:6      | 3557 ||| INVOKING Spit Poison.
  3563 | D:6      | 3563 ||| INVOKING Spit Poison.
  3568 | D:6      | 3568 ||| INVOKING Spit Poison.
  3573 | D:6      | 3573 ||| INVOKING Spit Poison.
  3628 | D:6      | 3628 ||| INVOKING Spit Poison.
  3637 | D:6      | Reached skill level 1 in Armour
  3658 | D:6      | Found a staircase to the Ecumenical Temple.
  3659 | D:6      | 3659 ||| PLANNING TEMPLE
  3659 | D:6      | 3659 ||| DRINKING 2 smoky purple potions.
  3710 | D:6      | 3710 ||| DROPPING potion of lignification.
  3718 | Temple   | Entered the Ecumenical Temple
  3762 | Temple   | 3762 ||| PLANNING OKAWARU WORSHIP
  3779 | Temple   | Became a worshipper of Warmaster Okawaru
  3780 | Temple   | 3780 ||| PLANNING D:1-11
  3814 | D:6      | 3814 ||| INVOKING Spit Poison.
  3821 | D:6      | 3821 ||| INVOKING Spit Poison.
  3830 | D:6      | Reached skill level 6 in Fighting
  3919 | D:6      | 3919 ||| INVOKING Spit Poison.
  4145 | D:6      | 4145 ||| INVOKING Spit Poison.
  4370 | D:6      | 4370 ||| READING 2 scrolls of identify.
  4370 | D:6      | 4370 ||| IDENTIFYING fuming white potion
  4371 | D:6      | 4371 ||| DROPPING potion of berserk rage.
  4447 | D:7      | 4447 ||| INVOKING Spit Poison.
  4454 | D:7      | 4454 ||| INVOKING Spit Poison.
  4461 | D:7      | 4461 ||| INVOKING Spit Poison.
  4461 | D:7      | Reached * piety under Okawaru
  4467 | D:7      | 4467 ||| INVOKING Spit Poison.
  4529 | D:7      | Found Ytaxot's Magic Scroll Shop.
  4532 | D:7      | 4532 ||| BUYING scroll of identify (20 gold).
  4532 | D:7      | Bought a scroll of identify for 20 gold pieces
  4532 | D:7      | 4532 ||| BUYING scroll of teleportation (30 gold).
  4532 | D:7      | Bought a scroll of teleportation for 30 gold pieces
  4549 | D:7      | Reached skill level 1 in Invocations
  4549 | D:7      | Reached XP level 9. HP: 82/82 MP: 8/10
  4579 | D:7      | 4579 ||| INVOKING Spit Poison.
  4585 | D:7      | 4585 ||| INVOKING Spit Poison.
  4590 | D:7      | 4590 ||| INVOKING Spit Poison.
  4594 | D:7      | 4594 ||| INVOKING Spit Poison.
  4619 | D:7      | 4619 ||| INVOKING Spit Poison.
  4623 | D:7      | 4623 ||| INVOKING Spit Poison.
  4630 | D:7      | 4630 ||| INVOKING Spit Poison.
  4633 | D:7      | 4633 ||| INVOKING Spit Poison.
  4661 | D:7      | Found a glowing silver altar of Zin.
  4663 | D:7      | Found a snail-covered altar of Cheibriados.
  4666 | D:7      | 4666 ||| INVOKING Heroism.
  4667 | D:7      | 4667 ||| INVOKING Spit Poison.
  4669 | D:7      | 4669 ||| Stepping ~*~*~tactically~*~*~ (outnumbered).
  4672 | D:7      | 4672 ||| INVOKING Spit Poison.
  4684 | D:7      | 4684 ||| INVOKING Spit Poison.
  4686 | D:7      | 4686 ||| INVOKING Heroism.
  4692 | D:7      | 4692 ||| INVOKING Spit Poison.
  4699 | D:7      | 4699 ||| INVOKING Spit Poison.
  4700 | D:7      | Reached skill level 3 in Invocations
  4803 | D:7      | Identified a ring "Diphar" {rPois rC+++ Dex-4 Slay-5
                  | Stlth+}
  4804 | D:7      | 4804 ||| INVOKING Spit Poison.
  4823 | D:7      | 4823 ||| INVOKING Spit Poison.
  4829 | D:7      | 4829 ||| INVOKING Spit Poison.
  4830 | D:7      | Reached skill level 3 in Dodging
  4843 | D:7      | 4843 ||| INVOKING Heroism.
  4844 | D:7      | 4844 ||| INVOKING Spit Poison.
  4852 | D:7      | 4852 ||| INVOKING Spit Poison.
  4881 | D:7      | 4881 ||| Stepping ~*~*~tactically~*~*~ (outnumbered).
  4884 | D:7      | 4884 ||| Stepping ~*~*~tactically~*~*~ (outnumbered).
  4886 | D:7      | 4886 ||| INVOKING Spit Poison.
  4887 | D:7      | 4887 ||| Stepping ~*~*~tactically~*~*~ (outnumbered).
  4893 | D:7      | 4893 ||| INVOKING Spit Poison.
  4896 | D:7      | Found a flagged portal.
  4898 | D:7      | 4898 ||| INVOKING Spit Poison.
  4910 | D:7      | Found a burning altar of Makhleb.
  4910 | D:7      | Found a sparkling altar of Nemelex Xobeh.
  4918 | D:7      | Found an ornate altar of the Wu Jian Council.
  4919 | D:7      | Found a sacrificial altar of Ru.
  4922 | D:7      | Found a bloodstained altar of Trog.
  4924 | D:7      | Found an opulent altar of Gozag.
  5092 | D:7      | 5092 ||| INVOKING Heroism.
  5207 | D:7      | 5207 ||| INVOKING Spit Poison.
  5264 | D:7      | 5264 ||| READING scroll labelled INIPAO ALLUIPT.
  5299 | D:7      | 5299 ||| DRINKING 2 silvery potions.
  5300 | D:7      | 5300 ||| READING 2 scrolls of identify.
  5300 | D:7      | 5300 ||| IDENTIFYING sedimented cyan potion
  5301 | D:7      | 5301 ||| DROPPING potion of attraction.
  5302 | D:7      | 5302 ||| DROPPING potion of invisibility.
  5312 | D:8      | Noticed a hornet
  5313 | D:8      | 5313 ||| INVOKING Spit Poison.
  5319 | D:8      | 5319 ||| INVOKING Heroism.
  5320 | D:8      | 5320 ||| INVOKING Spit Poison.
  5322 | D:8      | Killed a hornet
  5398 | D:8      | Found Pecvur's Magic Scroll Emporium.
  5399 | D:8      | 5399 ||| INVOKING Spit Poison.
  5407 | D:8      | 5407 ||| INVOKING Spit Poison.
  5412 | D:8      | Reached skill level 10 in Ranged Weapons
  5412 | D:8      | 5412 ||| INVOKING Spit Poison.
  5416 | D:8      | 5416 ||| Stepping ~*~*~tactically~*~*~ (outnumbered).
  5417 | D:8      | 5417 ||| INVOKING Spit Poison.
  5423 | D:8      | 5423 ||| INVOKING Heroism.
  5424 | D:8      | 5424 ||| INVOKING Spit Poison.
  5428 | D:8      | 5428 ||| INVOKING Spit Poison.
  5473 | D:8      | 5473 ||| BUYING 2 scrolls of identify (52 gold).
  5473 | D:8      | Bought 2 scrolls of identify for 52 gold pieces
  5473 | D:8      | 5473 ||| SHOPLISTING scroll of enchant armour (97 gold,
                  | have 70).
  5473 | D:8      | 5473 ||| BUYING scroll of identify (26 gold).
  5473 | D:8      | Bought a scroll of identify for 26 gold pieces
  5473 | D:8      | 5473 ||| BUYING scroll of teleportation (39 gold).
  5473 | D:8      | Bought a scroll of teleportation for 39 gold pieces
  5473 | D:8      | 5473 ||| SHOPLISTING scroll of teleportation (39 gold, have
                  | 5).
  5527 | D:8      | Found a transporter.
  5532 | D:8      | Noticed qw's ghost (journeyman GrFi)
  5532 | D:8      | Noticed a manticore
  5539 | D:8      | Found a transporter.
  5545 | D:8      | 5545 ||| INVOKING Spit Poison.
  5552 | D:8      | 5552 ||| INVOKING Spit Poison.
  5559 | D:8      | 5559 ||| INVOKING Spit Poison.
  5589 | D:8      | 5589 ||| INVOKING Spit Poison.
  5593 | D:8      | 5593 ||| INVOKING Spit Poison.
  5686 | D:8      | 5686 ||| INVOKING Spit Poison.
  5693 | D:8      | 5693 ||| INVOKING Spit Poison.
  5699 | D:8      | 5699 ||| INVOKING Spit Poison.
  5707 | D:8      | 5707 ||| INVOKING Spit Poison.
  5715 | D:8      | 5715 ||| INVOKING Spit Poison.
  5716 | D:8      | Reached ** piety under Okawaru
  5721 | D:8      | 5721 ||| INVOKING Spit Poison.
  5912 | D:8      | Reached XP level 10. HP: 92/94 MP: 13/13
  6102 | D:8      | 6102 ||| READING scroll labelled HOCHAIXTIA.
  6203 | D:8      | 6203 ||| READING scroll labelled WUCAEKHUETA.
  6204 | D:8      | 6204 ||| READING scroll labelled ZOOGGEZAD.
  6219 | D:9      | 6219 ||| INVOKING Spit Poison.
  6226 | D:9      | 6226 ||| STAIRDANCE
  6228 | D:8      | 6228 ||| INVOKING Heroism.
  6229 | D:8      | 6229 ||| INVOKING Spit Poison.
  6239 | D:8      | 6239 ||| INVOKING Spit Poison.
  6324 | D:9      | 6324 ||| INVOKING Spit Poison.
  6332 | D:9      | 6332 ||| INVOKING Spit Poison.
  6337 | D:9      | 6337 ||| INVOKING Spit Poison.
  6341 | D:9      | 6341 ||| INVOKING Heroism.
  6346 | D:9      | 6346 ||| INVOKING Spit Poison.
  6352 | D:9      | Reached skill level 11 in Ranged Weapons
  6353 | D:9      | 6353 ||| INVOKING Spit Poison.
  6357 | D:9      | 6357 ||| INVOKING Spit Poison.
  6367 | D:9      | 6367 ||| INVOKING Spit Poison.
  6371 | D:9      | 6371 ||| INVOKING Spit Poison.
  6410 | D:9      | 6410 ||| INVOKING Spit Poison.
  6411 | D:9      | Noticed a cyclops
  6412 | D:9      | 6412 ||| INVOKING Heroism.
  6416 | D:9      | 6416 ||| INVOKING Spit Poison.
  6424 | D:9      | 6424 ||| INVOKING Spit Poison.
  6424 | D:9      | Killed a cyclops
  6434 | D:9      | 6434 ||| INVOKING Spit Poison.
  6437 | D:9      | 6437 ||| FLEEEEING.
  6439 | D:9      | 6439 ||| INVOKING Heroism.
  6441 | D:9      | 6441 ||| INVOKING Spit Poison.
  6446 | D:9      | 6446 ||| INVOKING Spit Poison.
  6473 | D:9      | 6473 ||| INVOKING Spit Poison.
  6482 | D:9      | 6482 ||| INVOKING Heroism.
  6510 | D:9      | 6510 ||| INVOKING Spit Poison.
  6510 | D:9      | Noticed Erica
  6511 | D:9      | 6511 ||| INVOKING Heroism.
  6531 | D:9      | Killed Erica
  6550 | D:9      | 6550 ||| INVOKING Heroism.
  6569 | D:9      | 6569 ||| INVOKING Spit Poison.
  6570 | D:9      | 6570 ||| INVOKING Heroism.
  6587 | D:9      | Found a staircase to the Lair.
  6600 | D:9      | 6600 ||| INVOKING Heroism.
  6602 | D:9      | 6602 ||| INVOKING Spit Poison.
  6612 | D:9      | 6612 ||| INVOKING Spit Poison.
  6623 | D:9      | Found a staircase to the Orcish Mines.
  6662 | D:9      | Noticed Maggie
  6664 | D:9      | 6664 ||| INVOKING Spit Poison.
  6672 | D:9      | Killed Maggie
  6687 | D:9      | 6687 ||| INVOKING Spit Poison.
  6692 | D:9      | 6692 ||| INVOKING Spit Poison.
  6697 | D:9      | 6697 ||| INVOKING Heroism.
  6699 | D:9      | 6699 ||| INVOKING Spit Poison.
  6707 | D:9      | 6707 ||| INVOKING Spit Poison.
  6708 | D:9      | HP: 23/98 [killer bee (4)]
  6709 | D:9      | 6709 ||| READING 7 scrolls of teleportation.
  6710 | D:9      | 6710 ||| DRINKING potion of heal wounds.
  6713 | D:9      | 6713 ||| INVOKING Spit Poison.
  6719 | D:9      | 6719 ||| INVOKING Spit Poison.
  6722 | D:9      | Paralysed by a hornet for 3 turns
  6727 | D:9      | 6727 ||| INVOKING Spit Poison.
  6875 | D:9      | 6875 ||| INVOKING Spit Poison.
  6919 | D:9      | 6919 ||| INVOKING Spit Poison.
  6983 | D:9      | Found Iroibas's Armour Emporium.
  6993 | D:9      | 6993 ||| BUYING +0 robe of fire resistance (100 gold).
  6993 | D:9      | Bought a +0 robe of fire resistance for 100 gold pieces
  6993 | D:9      | 6993 ||| SHOPLISTING +1 hat (143 gold, have 101).
  6993 | D:9      | 6993 ||| SHOPLISTING +4 ring mail of willpower (403 gold,
                  | have 101).
  6998 | D:9      | 6998 ||| PLANNING LAIR
  6998 | D:9      | 6998 ||| DROPPING scarf of shadows.
  6999 | D:9      | 6999 ||| READING scroll labelled WIUSO YTACI.
  7028 | Lair:1   | Entered Level 1 of the Lair of Beasts
  7028 | Lair:1   | Noticed Fannar
  7028 | Lair:1   | Noticed an elephant
  7028 | Lair:1   | Noticed an elephant
  7028 | Lair:1   | Noticed an elephant
  7028 | Lair:1   | Noticed an elephant
  7029 | Lair:1   | 7029 ||| INVOKING Heroism.
  7029 | Lair:1   | Noticed an elephant
  7029 | Lair:1   | Noticed an elephant
  7030 | Lair:1   | 7030 ||| INVOKING Spit Poison.
  7033 | Lair:1   | 7033 ||| Stepping ~*~*~tactically~*~*~ (outnumbered).
  7033 | Lair:1   | Noticed an elephant
  7036 | Lair:1   | 7036 ||| INVOKING Spit Poison.
  7037 | Lair:1   | Noticed an elephant
  7038 | Lair:1   | 7038 ||| Stepping ~*~*~tactically~*~*~ (outnumbered).
  7039 | Lair:1   | 7039 ||| Stepping ~*~*~tactically~*~*~ (outnumbered).
  7041 | Lair:1   | 7041 ||| INVOKING Spit Poison.
  7043 | Lair:1   | Noticed an elephant
  7046 | Lair:1   | Noticed an elephant
  7048 | Lair:1   | 7048 ||| INVOKING Spit Poison.
  7048 | Lair:1   | HP: 23/98 [bullfrog (5)]
  7048 | Lair:1   | HP: 7/98 [elephant (15)]
  7049 | Lair:1   | 7049 ||| READING 6 scrolls of teleportation.
  7049 | Lair:1   | Mangled by an elephant

Levels and vault maps discovered:
D:1:      denvon_arrival_waterhouse, layout_basic,
          shapermc_ecumenical_altar_rom_forum
D:2:      layout_loops_ring, serial_bayou, serial_bayou_shore_a,
          serial_bayou_pond_e, serial_bayou_pond_e, serial_bayou_lake_a,
          minmay_unequal
D:3:      layout_loops_ring, kennysheep_generic_room_6, uniq_natasha
D:4:      layout_loops_cross, serial_shops, nicolae_stop_n_shop_1,
          gammafunk_ghost_stat_death, uniq_sigmund, uniq_duvessa, uniq_eustachio
D:5:      layout_rooms, hex_tiny, kennysheep_small_spiral
D:6:      layout_basic, minmay_temple_entry_statues_fountains
D:7:      layout_gridville, nicolae_overflow_hallway_of_the_gods, serial_shops,
          nicolae_shop_behind_doors, enter_bailey_3
D:8:      layout_basic, gammafunk_ghost_arena, serial_shops, shop
D:9:      layout_big_octagon, erik_lair_island, david_orc_2, serial_shops, shop,
          uniq_maggie, uniq_erica
Temple:   zaba_magenta_temple
Lair:1:   layout_misc_corridors, minmay_holes, chequers_serial_rivers_large_a,
          minivault_23, grunt_forest_large_clearings, uniq_fannar

Skill      XL: |  1  2  3  4  5  6  7  8  9 10 |
---------------+-------------------------------+-----
Ranged Weapons | 4 5 6 7 9 10 11 | 11.8
Fighting       | 3 4 6 7 8 |  8.4
Dodging        | 2 3 4 |  4.5
Armour         | 1 |  1.0
Invocations    | 1 4 |  4.0
Stealth        | |  1.5

Action                     |  1- 3 |  4- 6 |  7- 9 | 10-12 || total
---------------------------+-------+-------+-------+-------++-------
  Melee: Unarmed           |       |     4 |     9 |       ||    13
   Fire: Shortbow          |    59 |    70 |   401 |   200 ||   730
 Invoke: Heroism           |       |       |     6 |    11 ||    17
Ability: Spit Poison       |    27 |    30 |    82 |    36 ||   175
    Use: Scroll            |     2 |     8 |     7 |     6 ||    23
         Potion            |       |       |     3 |     1 ||     4
 Armour: Troll leather arm |     9 |    20 |   285 |    96 ||   410
  Dodge: Dodged            |    16 |    26 |   291 |   242 ||   575

Table legend:
 A = Non-vault XP
 B = Vault XP
 C = Vault XP percentage of total XP
 D = Non-vault monster count
 E = Vault monster count
 F = Vault count percentage of total count
                 A         B        C        D         E       F
            +---------+---------+-------+---------+---------+-------
      Total |    6052 |    2778 |  31.5 |     174 |      32 |  15.5
            +---------+---------+-------+---------+---------+-------
        D:1 |      37 |       0 |   0.0 |      22 |       0 |   0.0
        D:2 |     110 |       9 |   7.6 |      18 |       4 |  18.2
        D:3 |      54 |      44 |  44.9 |      11 |       4 |  26.7
        D:4 |     225 |     650 |  74.3 |       8 |       4 |  33.3
        D:5 |     488 |       0 |   0.0 |      10 |       0 |   0.0
        D:6 |     688 |       0 |   0.0 |      21 |       0 |   0.0
        D:7 |     985 |       8 |   0.8 |      27 |       4 |  12.9
        D:8 |    1602 |       0 |   0.0 |      32 |       0 |   0.0
        D:9 |    1863 |    2067 |  52.6 |      25 |      16 |  39.0
            +---------+---------+-------+---------+---------+-------
